 Dungeon Sprint DCSS version 0.29-a0-284-gf9362112df (webtiles) character file.

Game seed: 6762060689121237658

5697 mhtbhm the Impaler (level 10, -40/111 HPs)
             Began as a Minotaur Berserker on Mar 26, 2022.
             Was the Champion of Trog.
             Killed from afar by a deep elf annihilator (45 damage)
             ... with a bolt of lightning
             ... in the Dungeon (Sprint III: "The Ten Rune Challenge").
             The game lasted 00:03:43 (2595 turns).

mhtbhm the Impaler (Minotaur Berserker)             Turns: 2595, Time: 00:03:44

Health: -40/111    AC:  2    Str: 25    XL:     10   Next: 47%
Magic:  9/9        EV: 16    Int:  4    God:    Trog [******]
Gold:   3175       SH:  0    Dex: 11    Spells: 9/9 levels left

rFire   . . .      SeeInvis .   a - +4 halberd (flame)
rCold   . . .      Faith    .   (shield currently unavailable)
rNeg    . . .      Spirit   .   b - +0 animal skin
rPois   .          Reflect  .   (helmet restricted)
rElec   .          Harm     .   (no cloak)
rCorr   .          Rampage  .   (no gloves)
Will    .....      NoTele   +   (no boots)
Stlth   +++.......              (no amulet)
HPRegen 0.28/turn               (no ring)
MPRegen 0.11/turn               (no ring)

@: on berserk cooldown, slowed, very slow
A: horns 2, retaliatory headbutt
a: Renounce Religion, Berserk, Trog's Hand, Brothers in Arms


You were in the Dungeon.
You worshipped Trog.
Trog was exalted by your worship.
You visited 1 branch You collected 3175 gold pieces.

Inventory:

Hand Weapons
 a - a +4 halberd of flaming (weapon)
Armour
 b - a +0 animal skin (worn)
Wands
 p - a wand of mindburst (8)
Scrolls
 i - a scroll of torment {unknown}
 j - a scroll of amnesia {unknown}
 m - a scroll of immolation {unknown}
 n - 2 scrolls of identify
Potions
 d - a potion of heal wounds
 e - a potion of haste
 f - 2 potions of magic
 g - a potion of berserk rage
 k - 2 potions of might
 l - 5 potions of mutation
 o - a potion of resistance {unknown}
Miscellaneous
 q - a tin of tremorstones (2/2)


   Skills:
 + Level 17.3 Fighting
 + Level 18.9 Polearms
 + Level 8.4 Armour
 + Level 10.8 Dodging
 + Level 5.4 Stealth
 + Level 1.1 Evocations


You had 9 spell levels left.
You didn't know any spells.
Your spell library was empty.

Dungeon Overview and Level Annotations

Branches:
Dungeon (1/1)

Altars:
Cheibriados
Dithmenos
Elyvilon
Fedhas
Gozag
Hepliaklqana
Kikubaaqudgha
Makhleb
Nemelex Xobeh
Okawaru
Qazlal
Ru
Sif Muna
Trog
Uskayaw
Vehumet
Wu Jian
Xom
Yredelemnul
Zin
The Shining One
Beogh
Jiyva
Lugonu

Shops:
D :


Innate Abilities, Weirdness & Mutations

You have a pair of horns on your head.
You reflexively headbutt those who attack you in melee.


Message History

You feel better. The fire elemental hits you. The fire elemental burns you!
* * * LOW HITPOINT WARNING * * *
The deep elf pyromancer hits you with a +0 dagger.
* * * LOW HITPOINT WARNING * * *
The deep elf annihilator mumbles some strange words.
The deep elf annihilator blinks!
The fire elemental closely misses you.
The deep elf pyromancer hits you with a +0 dagger.
* * * LOW HITPOINT WARNING * * *
The deep elf annihilator points at you and mumbles some strange words.
The poison arrow misses you.
Unknown command.
What are your orders? t - Shout!
Orders for allies: a - Attack new target. r - Retreat! s - Stop attacking. g - Guard the area. f - Follow me.
Anything else - Cancel.
Okay, then.
Blink to where?
Press: ? - help, Dir - move target
As you read the scroll of blinking, it crumbles to dust.
The fire elemental closely misses you. You furiously retaliate!
You headbutt the fire elemental.
Your stone giant goes berserk!
The deep elf annihilator is engulfed in blazing flames.
The deep elf pyromancer gestures wildly while chanting.
Unknown command.
The deep elf annihilator casts a spell at you.
The iron shot hits you!!
* * * LOW HITPOINT WARNING * * *
Things that are here:
a +0 long sword; a +0 leather armour; an elf corpse You swap places.
Your stone giant rages.
The deep elf annihilator hits your stone giant but does no damage.
Your stone giant completely misses the deep elf annihilator.
The deep elf annihilator casts a spell at you.
The bolt of lightning hits your stone giant!!!
The bolt of lightning hits you!!!
You die...

▓▓▓ ▓▓▓▓▓▓▓ #####.#
##.#.#.####### #
_#__#∩###.#....'.#...# ..
)#)_#....)....##@#...##≈≈≈
##'##.)..)....##)#○°.≈≈≈.
....#)).))...###C#E○.##≈
....#)###)#.## #)eeE.#
###'#)#..#..# #######
#...#)#####################
#..)#....#.#.#.....#.^....+
#...##.#..#.##.###)#......#
#...'##.#.#.##.#.)##......#


You could see a deep elf annihilator (ally target), a deep elf pyromancer, 2
fire elementals and a friendly stone giant (summoned, berserk).

Vanquished Creatures
  Erolcha (D)
  An orc knight (D)
  4 deep elf pyromancers (D)
  A deep elf zephyrmancer (D)
  3 wandering mushrooms (D)
  A shadow (D)
  2 redbacks (D)
  A spatial vortex (D)
  5 two-headed ogres (D)
  A necrophage (D)
  A water elemental (D)
  A scorpion (D)
  A jelly (D)
  3 orc priests (D)
  A wizard (D)
  A necromancer (D)
  An orc wizard (D)
  3 humans (D)
  A kobold demonologist (D)
  13 orcs (D)
  4 rats (D)
50 creatures vanquished.

Vanquished Creatures (others)
  A ballistomycete spore (D)
  2 plants (D)
3 creatures vanquished.

Grand Total: 53 creatures vanquished

Notes
Turn   | Place    | Note
-------+----------+-------------------------------------------
     0 | D        | mhtbhm the Minotaur Berserker began the quest for the Orb.
     0 | D        | Reached XP level 1. HP: 19/19 MP: 0/0
     8 | D        | Reached skill level 4 in Polearms
    14 | D        | Reached ** piety under Trog
    43 | D        | Reached skill level 5 in Fighting
    43 | D        | Reached skill level 5 in Polearms
    43 | D        | Reached XP level 2. HP: 29/29 MP: 1/1
   187 | D        | Noticed a scorpion
   191 | D        | Killed a scorpion
   192 | D        | Reached skill level 7 in Polearms
   192 | D        | Reached XP level 3. HP: 38/38 MP: 2/2
   192 | D        | Reached XP level 4. HP: 45/45 MP: 3/3
   266 | D        | Noticed a water elemental
   271 | D        | Killed a water elemental
   272 | D        | Reached skill level 8 in Polearms
   333 | D        | Found a basalt altar of Yredelemnul.
   333 | D        | Found a shadowy altar of Dithmenos.
   333 | D        | Found a sacrificial altar of Ru.
   333 | D        | Noticed a necrophage
   340 | D        | Killed a necrophage
   340 | D        | Reached *** piety under Trog
   341 | D        | Reached skill level 9 in Polearms
   341 | D        | Reached XP level 5. HP: 22/57 MP: 4/4
   344 | D        | HP: 2/82 [necromancer/bolt of negative energy (16)]
   347 | D        | Reached skill level 5 in Armour
   644 | D        | Found a radiant altar of Vehumet.
   644 | D        | Found a shimmering blue altar of Sif Muna.
   644 | D        | Found an ancient bone altar of Kikubaaqudgha.
   648 | D        | Noticed a soul eater
   650 | D        | Reached **** piety under Trog
   651 | D        | Reached skill level 10 in Polearms
   659 | D        | Noticed a red devil
   669 | D        | Noticed a smoke demon
   672 | D        | Reached XP level 6. HP: 40/66 MP: 5/5
   913 | D        | Found a hide-covered altar of Uskayaw.
   913 | D        | Found an iron altar of Okawaru.
   913 | D        | Found a bloodstained altar of Trog.
   913 | D        | Found an ornate altar of the Wu Jian Council.
   913 | D        | Noticed a human
   913 | D        | Noticed a human
   922 | D        | Killed a human
   923 | D        | Reached skill level 10 in Fighting
   923 | D        | Reached skill level 11 in Polearms
   923 | D        | Reached skill level 5 in Dodging
   928 | D        | Killed a human
   929 | D        | Reached skill level 12 in Polearms
   929 | D        | Reached XP level 7. HP: 74/74 MP: 6/6
   970 | D        | Found a glowing silver altar of Zin.
   970 | D        | Found a glowing golden altar of the Shining One.
   970 | D        | Found a white marble altar of Elyvilon.
   971 | D        | Noticed a deep elf pyromancer
   975 | D        | Killed a deep elf pyromancer
   975 | D        | Reached ***** piety under Trog
   976 | D        | Reached skill level 13 in Polearms
   976 | D        | Reached skill level 1 in Stealth
  1069 | D        | Noticed a shadow
  1075 | D        | Killed a shadow
  1076 | D        | Reached skill level 14 in Polearms
  1076 | D        | Reached XP level 8. HP: 86/86 MP: 7/7
  1110 | D        | Found a blossoming altar of Fedhas.
  1110 | D        | Found a stormy altar of Qazlal.
  1110 | D        | Found a snail-covered altar of Cheibriados.
  1110 | D        | Found a burning altar of Makhleb.
  1110 | D        | Found a shimmering altar of Xom.
  1111 | D        | Found a hazy altar of Hepliaklqana.
  1111 | D        | Found an opulent altar of Gozag.
  1111 | D        | Found a sparkling altar of Nemelex Xobeh.
  1111 | D        | Found a corrupted altar of Lugonu.
  1111 | D        | Found a viscous altar of Jiyva.
  1387 | D        | Noticed a two-headed ogre
  1432 | D        | Killed a two-headed ogre
  1433 | D        | Reached skill level 15 in Polearms
  1514 | D        | Noticed a two-headed ogre
  1514 | D        | Noticed Erolcha
  1520 | D        | Killed Erolcha
  1520 | D        | Received a gift from Trog
  1521 | D        | Reached skill level 15 in Fighting
  1521 | D        | Reached skill level 16 in Polearms
  1521 | D        | Reached XP level 9. HP: 97/97 MP: 8/8
  1529 | D        | Killed a two-headed ogre
  2030 | D        | Noticed a wandering mushroom
  2038 | D        | Noticed a wandering mushroom
  2063 | D        | Killed a wandering mushroom
  2064 | D        | Reached skill level 17 in Polearms
  2064 | D        | Noticed a wandering mushroom
  2083 | D        | Killed a wandering mushroom
  2099 | D        | Killed a wandering mushroom
  2147 | D        | Found Hochyil's Book Shoppe.
  2149 | D        | Received a gift from Trog
  2149 | D        | Reached ****** piety under Trog
  2156 | D        | Noticed an orc knight
  2157 | D        | Received a gift from Trog
  2166 | D        | Killed an orc knight
  2167 | D        | Reached XP level 10. HP: 46/108 MP: 9/9
  2176 | D        | Received a gift from Trog
  2561 | D        | Noticed a deep elf pyromancer
  2561 | D        | Noticed a deep elf zephyrmancer
  2561 | D        | Noticed a deep elf pyromancer
  2561 | D        | Noticed a deep elf pyromancer
  2561 | D        | Noticed a deep elf pyromancer
  2572 | D        | Killed a deep elf pyromancer
  2573 | D        | Reached skill level 18 in Polearms
  2573 | D        | Reached skill level 10 in Dodging
  2577 | D        | Killed a deep elf pyromancer
  2578 | D        | Reached skill level 5 in Stealth
  2579 | D        | Killed a deep elf pyromancer
  2579 | D        | Received a gift from Trog
  2579 | D        | Found the +8 lance "Wyrmbane" {slay drac, rPois rF+ rC+
                  | AC+3}
  2580 | D        | Reached skill level 1 in Evocations
  2580 | D        | Noticed a deep elf annihilator
  2582 | D        | Noticed a deep elf annihilator
  2586 | D        | Killed a deep elf zephyrmancer
  2587 | D        | Noticed a deep elf death mage
  2594 | D        | HP: 5/111 [deep elf annihilator/iron shot (24)]
  2595 | D        | Killed from afar by a deep elf annihilator

Illustrated notes

Levels and vault maps discovered:
D:        dungeon_sprint_mu [sprint_mu_entry_forest, sprint_mu_temple_rooms,
          sprint_mu_d1_spiders, sprint_mu_d2_genie, sprint_mu_d3_branching,
          sprint_mu_orc_legion, sprint_mu_elf_gauntlet, sprint_mu_hive_nellie,
          sprint_mu_lair_fedhas, sprint_mu_vaults_butterflies,
          sprint_mu_slime_circle, sprint_mu_swamp_cave, sprint_mu_snake_twists,
          sprint_mu_blade_basic, sprint_mu_crypt_chambers,
          sprint_mu_tomb_spiral, sprint_mu_vestibule_basic,
          sprint_mu_gehenna_hellfire, sprint_mu_dis_giant,
          sprint_mu_tartarus_statrot, sprint_mu_cocytus_islands, sprint_mu_zot1]

Skill      XL: |  1  2  3  4  5  6  7  8  9 10 |
---------------+-------------------------------+-----
Fighting       | 5 6 9 11 13 15 16 17 | 17.3
Polearms       | 5 7 9 10 12 14 16 17 18 | 18.9
Armour         | 3 4 5 6 7 8 |  8.4
Dodging        | 3 4 6 7 8 9 10 | 10.8
Stealth        | 2 3 4 5 |  5.4
Evocations     | 1 |  1.1

Action                   |  1- 3 |  4- 6 |  7- 9 | 10-12 || total
-------------------------+-------+-------+-------+-------++-------
Melee: Spear             |    17 |    53 |   143 |    11 ||   224
       Headbutt          |     2 |     3 |    15 |     4 ||    24
       Halberd           |       |       |       |    21 ||    21
Invok: Berserk           |     2 |     4 |     5 |     1 ||    12
       Brothers in Arms  |       |       |       |     1 ||     1
Evoke: Wand              |       |       |     2 |       ||     2
       Tin of tremorston |       |       |     1 |       ||     1
  Use: Potion            |       |       |     1 |     1 ||     2
       Scroll            |       |       |       |     1 ||     1
 Stab: Sleeping          |       |       |     1 |       ||     1
Armor: Animal skin       |     1 |       |       |     2 ||     3
Dodge: Dodged            |       |    15 |    21 |    12 ||    48

Table legend: (Time is in decaauts)
 A = Elapsed time spent in this place.
 B = Non-inter-level travel time spent in this place.
 C = Inter-level travel time spent in this place.
 D = Time resting spent in this place.
 E = Time spent auto-exploring this place.
 F = Levels seen in this place.
 G = Mean time per level.
                   A        B        C        D        E       F      G
               +--------+--------+--------+--------+--------+-----+--------+
         Total |   2584 |   2584 |      0 |   2060 |     36 |   1 | 2584.0 |
       Dungeon |   2584 |   2584 |      0 |   2060 |     36 |   1 | 2584.0 |
               +--------+--------+--------+--------+--------+-----+--------+

Top non-repeatable levels by time:
       D: 2584 daAuts
